 Dungeon Crawl Stone Soup version 0.28.0-49-g6dfe1f597d (webtiles) character file.

Game seed: 255439342834001088

954 101zpm the Magician (level 8, -6/50 HPs)
             Began as a Djinni Fire Elementalist on May 14, 2022.
             Mangled by an orc
             ... wielding a +0 trident
              (8 damage)
             ... on level 9 of the Dungeon.
             The game lasted 00:05:21 (4419 turns).

101zpm the Magician (Djinni Fire Elementalist)      Turns: 4419, Time: 00:05:21

Health: -6/50      AC:  2    Str:  7    XL:     8   Next: 36%
Gold:   268        EV: 12    Int: 18    God:
                   SH:  0    Dex: 15

rFire   + + .      SeeInvis .   (no weapon)
rCold   x . .      Faith    .   (no shield)
rNeg    . . .      Spirit   .   a - +0 robe
rPois   ∞          Reflect  .   (no helmet)
rElec   .          Harm     .   (no cloak)
rCorr   .          Rampage  .   (no gloves)
Will    .....                   (boots unavailable)
Stlth   ++........              (no amulet)
HPRegen 0.16/turn               (no ring)
MPRegen 0.00/turn               (no ring)

@: about to teleport, flying
A: sickness immunity, fire resistance 2, cold vulnerability 1, float, innate
caster, HP casting, extra vitality 1
a: no special abilities


You were on level 9 of the Dungeon.
You visited 1 branch of the dungeon, and saw 7 of its levels.

You collected 268 gold pieces.

Inventory:

Armour
 a - a +0 robe (worn)
Jewellery
 e - an amulet of the acrobat
 i - a ring of see invisible
 k - an amulet of faith
Wands
 m - a wand of mindburst (5)
Scrolls
 g - a scroll of fear {unknown}
Potions
 b - a potion of berserk rage {unknown}
 d - a potion of lignification {unknown}
 h - a potion of degeneration {unknown}
 j - a potion of might {unknown}
 l - a potion of attraction {unknown}
 n - a potion of flight {unknown}
 o - a potion of ambrosia {unknown}


   Skills:
 + Level 2.6 Dodging
 + Level 3.0 Stealth
 + Level 7.0 Spellcasting


You had 2 spell levels left.
You knew the following spells:

 Your Spells              Type           Power      Damage    Failure   Level
a - Foxfire               Conj/Fire      100%       2x1d9     1%          1
b - Scorch                Fire           62%        2d8       1%          2
c - Conjure Flame         Conj/Fire      31%        6-21      1%          3
d - Inner Flame           Hex/Fire       31%        N/A       1%          3
e - Flame Wave            Conj/Fire      31%        2d8       6%          4
f - Sandblast             Erth           62%        2d14      1%          1
g - Passwall              Tmut/Erth      25%        N/A       1%          2
h - Vampiric Draining     Necr           31%        2d8       1%          3
Your spell library was empty.

Dungeon Overview and Level Annotations

Branches:
Dungeon (6/15)
 Temple: D:4-7

Altars:
Elyvilon

Shops:
D:1 ?(*

Annotations:
D:6 1 runed translucent door, Crazy Yiuf


Innate Abilities, Weirdness & Mutations

You are immune to sickness and miasma.
You are immune to poison.
Your flesh is very heat resistant. (rF++)
You are vulnerable to cold. (rC-)
You float through the air rather than walking.
You learn spells naturally, not from books.
Your magical power is your life essence.
You have superior vitality. (+4 MHP)


Message History

The fiery explosion engulfs the vampire mosquito!!!
You destroy the vampire mosquito!
The fiery explosion engulfs you! You resist.
* * * LOW HITPOINT WARNING * * *
The killer bee closely misses you.
You hear an angry hiss.
You hear a shout! x2
Your Stealth skill increases to level 3!
Your Spellcasting skill increases to level 7!
A steam dragon comes into view.
Found 30 gold pieces.
The orc barely misses you.
A centaur comes into view.
The killer bee misses you.
The steam dragon moves out of view.
The orc hits you from afar with a +0 trident.
* * * LOW HITPOINT WARNING * * *
The killer bee closely misses you. The killer bee stings you.
* * * LOW HITPOINT WARNING * * *
The killer bee barely misses you.
Casting: Flame Wave (dangerous; 6% risk of failure)
Confirm with . or Enter, or press ? or * to list all spells.
You don't have enough health to cast this spell.
As you read the scroll labelled RIAGHU YLIKAO, it crumbles to dust.
You feel a surge of unholy energy.
The killer bee convulses!
The orc convulses!
The yak convulses!
It was a scroll of torment.
The killer bee barely misses you. The orc closely misses you.
The killer bee stings you.
* * * LOW HITPOINT WARNING * * *
What are your orders? t - Shout!
Orders for allies: a - Attack new target. r - Retreat! s - Stop attacking. g - Guard the area. f - Follow me.
Anything else - Cancel.
Okay, then.
Unknown command.
As you read the scroll labelled CUQEUKH UWOITY, it crumbles to dust.
You feel strangely unstable.
It was a scroll of teleportation.
The killer bee closely misses you.
The orc hits you from afar with a +0 trident!
You die...

.. #.# ... ..#
# ##.####
#.#####.......
#..@yoY....##.
#...##J........
#.###..c§)..<..
.. #.†)§....)$
...
#J.c........ ..
.y........... .
.#...#D...?...
#(
...#$#....... .
...# . #......


You could see a slime creature, a yak, a centaur, a killer bee and an orc.

Vanquished Creatures
  A vampire mosquito (D:9)
  A black bear (D:5)
  2 necrophages (D:5)
  An ogre (D:4)
  A water moccasin zombie (D:5)
  A scorpion (D:5)
  2 howler monkeys
  A bullfrog skeleton (D:5)
  A hound (D:5)
  A jelly (D:5)
  An iguana (D:5)
  5 orc wizards
  An adder (D:5)
  A white imp (D:5)
  An adder skeleton (D:4)
  A worm (D:4)
  2 dart slugs
  5 orcs
  3 ball pythons
  5 bats
  4 endoplasms
  A giant cockroach (D:4)
  3 goblins
  A hobgoblin (D:2)
  3 quokkas
  3 kobolds
  3 rats
55 creatures vanquished.

Vanquished Creatures (collateral kills)
  A foxfire (D:6)
1 creature vanquished.

Vanquished Creatures (others)
  292 foxfires
292 creatures vanquished.

Grand Total: 348 creatures vanquished

Notes
Turn   | Place    | Note
-------+----------+-------------------------------------------
     0 | D:1      | 101zpm the Djinni Fire Elementalist began the quest for the
                  | Orb.
     0 | D:1      | Reached XP level 1. HP: 15/15 MP: 0/0
   291 | D:2      | Found a white marble altar of Elyvilon.
   651 | D:2      | Reached XP level 2. HP: 16/21 MP: 0/0
  1992 | D:4      | Reached skill level 3 in Spellcasting
  1994 | D:4      | Reached XP level 3. HP: 12/25 MP: 0/0
  1994 | D:4      | Learned a level 1 spell: Sandblast
  2035 | D:4      | Noticed an ogre
  2041 | D:4      | Killed an ogre
  2042 | D:4      | Reached XP level 4. HP: 7/31 MP: 0/0
  2042 | D:4      | Reached XP level 5. HP: 8/35 MP: 0/0
  2042 | D:4      | Learned a level 2 spell: Passwall
  2516 | D:1      | Found Fofinota's Magic Scroll Emporium.
  2540 | D:1      | Found Vuimia Efuo's Weapon Emporium.
  2600 | D:1      | Found Xusis's General Store.
  2746 | D:1      | Reached skill level 4 in Spellcasting
  3031 | D:5      | Entered Level 5 of the Dungeon
  3036 | D:5      | Noticed a necrophage
  3041 | D:5      | Killed a necrophage
  3042 | D:5      | Reached XP level 6. HP: 25/40 MP: 0/0
  3055 | D:5      | Reached skill level 5 in Spellcasting
  3402 | D:5      | Reached XP level 7. HP: 38/45 MP: 0/0
  3402 | D:5      | Learned a level 3 spell: Vampiric Draining
  3696 | D:5      | Reached skill level 6 in Spellcasting
  4079 | D:6      | Found a runed translucent door.
  4084 | D:6      | Noticed Crazy Yiuf
  4175 | D:6      | Reached XP level 8. HP: 43/50 MP: 0/0
  4409 | D:6      | You are sucked into a shaft and drop 3 floors!
  4412 | D:9      | Noticed a yak
  4413 | D:9      | Noticed a slime creature
  4414 | D:9      | Reached skill level 7 in Spellcasting
  4416 | D:9      | HP: 2/50 [killer bee (5)]
  4419 | D:9      | Mangled by an orc

Illustrated notes

Levels and vault maps discovered:
D:1:      amcnicky_arrival_gap_in_the_tavern_cellar, layout_basic, serial_shops,
          nicolae_shop_bloodbath_and_beyond, shop, shop, shop_coins
D:2:      layout_basic, basic_altar, kennysheep_generic_room_8
D:3:      layout_loops_ring, serial_shops, shop
D:4:      layout_gridville
D:5:      layout_cave_pools, nicolae_ossuary_entry_monument
D:6:      layout_cave_pools, uniq_crazy_yiuf_cottage
D:9:      cheibrodos_fzero, layout_rooms, general_overflow_altar,
          erik_lair_dragon, special_room [special_room_orc], serial_shops,
          nicolae_shop_temple_entry_statues_fountains

Skill      XL: |  1  2  3  4  5  6  7  8 |
---------------+-------------------------+-----
Spellcasting   | 3 4 5 6 7 |  7.0
Stealth        | 2 3 |  3.0
Dodging        | |  2.6

Action                   |  1- 3 |  4- 6 |  7- 9 || total
-------------------------+-------+-------+-------++-------
 Cast: Foxfire           |    88 |    69 |    25 ||   182
       Scorch            |     1 |     2 |     9 ||    12
       Inner Flame       |       |     9 |    14 ||    23
       Flame Wave        |       |       |     1 ||     1
  Use: Scroll            |       |     1 |     2 ||     3
Armor: Robe              |       |     3 |       ||     3
Dodge: Dodged            |     2 |     4 |     9 ||    15
